MID
LANSING LUGNUTS @ DELMARVA SHOREBIRDS
06/28/2044
 
TOP OF THE 1ST
Lansing Lugnuts batting - Pitching for Delmarva Shorebirds : RHP Brent Widder
Pitching: RHP Brent Widder
Batting: RHB Elliot Manfredini 0-0: Ball
1-0: Foul Ball, location: 2F
1-1: Swinging Strike
1-2: SINGLE (Line Drive, 7LS, EV 94.4 MPH)
Batting: RHB Bryan Westray 0-0: Ball
1-0: Ball
2-0: Called Strike
Elliot Manfredini steals 2nd base
2-1: Swinging Strike
2-2: Ball
3-2: Ground out 6-3 (Groundball, 6, EV 81.9 MPH)
Elliot Manfredini to third
Batting: LHB David Ramirez 0-0: Foul Ball, location: 2F
0-1: Called Strike
0-2: Foul Ball, location: 2F
0-2: Ball
1-2: SINGLE (Groundball, 56D, EV 96.2 MPH)
Elliot Manfredini scores
Batting: SHB Jose Garcia Balk!
David Ramirez to second
0-0: Ball
1-0: Fly out, F5 (Popup, 15, EV 79.4 MPH)
Batting: RHB Takanibu Kaneshiro 0-0: Ball
1-0: Called Strike
1-1: Ball
2-1: Ball
3-1: Swinging Strike
3-2: Fly out, F8 (Flyball, 8LD, EV 100.6 MPH)
Top of the 1st over - 1 run, 2 hits, 0 errors, 1 left on base; Lansing 1 - Delmarva 0
BOTTOM OF THE 1ST
Delmarva Shorebirds batting - Pitching for Lansing Lugnuts : LHP Katsumi Takaki
Pitching: LHP Katsumi Takaki
Batting: RHB Michel Kamphuis 0-0: Ball
1-0: Foul Ball, location: 2F
1-1: Foul Ball, location: 2F
1-2: Ball
2-2: Fly out, F8 (Line Drive, 8LD, EV 98.8 MPH)
Batting: RHB Jordan Wallace 0-0: Ball
1-0: Ball
2-0: Foul Ball, location: 2F
2-1: Foul Ball, location: 2F
2-2: Ground out 5-3 (Groundball, 56, EV 100.6 MPH)
Batting: RHB Francisco Viera 0-0: Foul Ball, location: 2F
0-1: Ball
1-1: Ball
2-1: Foul Ball, location: 2F
2-2: Strikes out swinging
Bottom of the 1st over - 0 runs, 0 hits, 0 errors, 0 left on base; Lansing 1 - Delmarva 0
TOP OF THE 2ND
Lansing Lugnuts batting - Pitching for Delmarva Shorebirds : RHP Brent Widder
Batting: RHB Finn Ross 0-0: Ball
1-0: Swinging Strike
1-1: Ball
2-1: Swinging Strike
2-2: SINGLE (Groundball, 56S, EV 71.9 MPH) (infield hit)
Batting: RHB B.J. Worthy 0-0: Ball
1-0: DOUBLE (Groundball, 5L, EV 101.2 MPH)
Finn Ross to third
Batting: RHB Luis Reyes 0-0: Foul Ball, location: 2F
0-1: Ball
1-1: DOUBLE (Line Drive, 78D, EV 113.8 MPH)
Finn Ross scores
B.J. Worthy scores
Batting: RHB Darren McCarty Jr. 0-0: Ball
Luis Reyes steals 3rd base
1-0: Foul Ball, location: 2F
1-1: Called Strike
1-2: SINGLE (Groundball, 6D, EV 96.2 MPH)
Luis Reyes scores
Batting: RHB Elliot Manfredini 0-0: Ball
Darren McCarty Jr. steals 2nd base (no throw)
1-0: Swinging Strike
1-1: Foul Ball, location: 2F
1-2: Ball
2-2: Foul Ball, location: 2F
2-2: Ball
3-2: SINGLE (Line Drive, 7S, EV 102.5 MPH)
Darren McCarty Jr. to third
Batting: RHB Bryan Westray 0-0: Ball
1-0: Ball
2-0: Ball
3-0: Called Strike
3-1: Base on Balls
Elliot Manfredini to second
Batting: LHB David Ramirez 0-0: Ball
1-0: Called Strike
1-1: SINGLE (Flyball, 6D, EV 98.1 MPH)
Darren McCarty Jr. scores
Elliot Manfredini to third
Bryan Westray to second
Pitching: RHP Brian Tarver
Batting: SHB Jose Garcia 0-0: Ball
1-0: Fly out, F7 (Flyball, 78D, EV 73.8 MPH)
Runner from 3rd tags up, SCORES, throw by LF
Batting: RHB Takanibu Kaneshiro 0-0: Ball
1-0: Called Strike
1-1: Called Strike
1-2: Ball
2-2: Fly out, F7 (Flyball, 7D, EV 100.6 MPH)
Runner from 2nd tags up, SAFE at 3rd, no throw by LF
Batting: RHB Finn Ross 0-0: Ball
1-0: Called Strike
1-1: Foul Ball, location: 2F
1-2: Strikes out swinging
Top of the 2nd over - 5 runs, 6 hits, 0 errors, 2 left on base; Lansing 6 - Delmarva 0
BOTTOM OF THE 2ND
Delmarva Shorebirds batting - Pitching for Lansing Lugnuts : LHP Katsumi Takaki
Batting: RHB Dan Staggs 0-0: Ball
1-0: Ball
2-0: Ground out 5-3 (Groundball, 56, EV 86.2 MPH)
Batting: LHB Raul Rojas 0-0: Ball
1-0: Ball
2-0: Fly out, F8 (Flyball, 78D, EV 96.2 MPH)
Batting: SHB Ryan Palermo 0-0: TRIPLE (Flyball, 78XD, EV 110.6 MPH)
Batting: LHB Momoru Yasui 0-0: Called Strike
0-1: Ball
1-1: Ground out 6-3 (Groundball, 4, EV 86.2 MPH)
Bottom of the 2nd over - 0 runs, 1 hit, 0 errors, 1 left on base; Lansing 6 - Delmarva 0
TOP OF THE 3RD
Lansing Lugnuts batting - Pitching for Delmarva Shorebirds : RHP Brian Tarver
Batting: RHB B.J. Worthy 0-0: Ball
1-0: Called Strike
1-1: Ball
2-1: Fly out, F7 (Flyball, 78S, EV 85.0 MPH)
Batting: RHB Luis Reyes 0-0: Ball
1-0: Ball
2-0: Ball
3-0: Base on Balls
Batting: RHB Darren McCarty Jr. 0-0: Called Strike
Luis Reyes steals 2nd base
0-1: Swinging Strike
0-2: Foul Ball, location: 2F
0-2: Ground out 6-3 (Groundball, 6, EV 91.9 MPH)
Luis Reyes to third
Batting: RHB Elliot Manfredini 0-0: Fly out, F8 (Flyball, 8RS, EV 93.1 MPH)
Top of the 3rd over - 0 runs, 0 hits, 0 errors, 1 left on base; Lansing 6 - Delmarva 0
BOTTOM OF THE 3RD
Delmarva Shorebirds batting - Pitching for Lansing Lugnuts : LHP Katsumi Takaki
Batting: RHB Adam Swimmer 0-0: Foul Ball, location: 2F
0-1: Ball
1-1: Swinging Strike
1-2: Strikes out swinging
Batting: LHB Andrew Erens 0-0: Called Strike
0-1: Ball
1-1: Ball
2-1: Swinging Strike
2-2: Ball
3-2: SINGLE (Groundball, 25, EV 66.9 MPH) (infield hit)
Batting: RHB Michel Kamphuis 0-0: Ball
1-0: Ball
2-0: Ball
3-0: Called Strike
3-1: Fly out, F7 (Flyball, 7D, EV 91.2 MPH)
Runner from 1st tags up, SAFE at 2nd
Batting: RHB Jordan Wallace 0-0: Foul Ball, location: 2F
0-1: Ball
1-1: Ball
2-1: Foul Ball, location: 2F
2-2: Ground out 5-3 (Groundball, 56, EV 105.0 MPH)
Bottom of the 3rd over - 0 runs, 1 hit, 0 errors, 1 left on base; Lansing 6 - Delmarva 0
TOP OF THE 4TH
Lansing Lugnuts batting - Pitching for Delmarva Shorebirds : RHP Brian Tarver
Batting: RHB Bryan Westray 0-0: Ball
1-0: Ball
2-0: Ball
3-0: Base on Balls
Batting: LHB David Ramirez 0-0: Ball
1-0: Ball
2-0: Ball
3-0: Base on Balls
Bryan Westray to second
Batting: SHB Jose Garcia 0-0: Ball
1-0: Ball
2-0: Called Strike
2-1: Fielders Choice at 2nd, 4-6 (Groundball, 34, EV 108.1 MPH)
Bryan Westray to third
Batting: RHB Takanibu Kaneshiro 0-0: Called Strike
0-1: Called Strike
Jose Garcia steals 2nd base
0-2: Foul Ball, location: 2F
0-2: Fly out, F9 (Line Drive, 9, EV 93.1 MPH)
Batting: RHB Finn Ross 0-0: Swinging Strike
0-1: Ball
1-1: Swinging Strike
1-2: Strikes out swinging
Top of the 4th over - 0 runs, 0 hits, 0 errors, 2 left on base; Lansing 6 - Delmarva 0
BOTTOM OF THE 4TH
Delmarva Shorebirds batting - Pitching for Lansing Lugnuts : LHP Katsumi Takaki
Batting: RHB Francisco Viera 0-0: Ball
1-0: Ground out 4-3 (Groundball, 4, EV 93.8 MPH)
Batting: RHB Dan Staggs 0-0: Called Strike
0-1: Ball
1-1: Fly out, F8 (Line Drive, 8RD, EV 106.2 MPH)
Batting: LHB Raul Rojas 0-0: Ground out U3 (Groundball, 3, EV 80.0 MPH)
Bottom of the 4th over - 0 runs, 0 hits, 0 errors, 0 left on base; Lansing 6 - Delmarva 0
TOP OF THE 5TH
Lansing Lugnuts batting - Pitching for Delmarva Shorebirds : RHP Brian Tarver
Batting: RHB B.J. Worthy 0-0: Foul Ball, location: 2F
0-1: Ball
1-1: SOLO HOME RUN (Flyball, 7D, EV 103.8 MPH), Distance : 386 ft
Pitching: RHP Wayne Lammers
Batting: RHB Luis Reyes 0-0: Ball
1-0: Ball
2-0: Ground out 6-3 (Groundball, 6S, EV 88.1 MPH)
Batting: RHB Darren McCarty Jr. 0-0: Ball
1-0: Ball
2-0: Swinging Strike
2-1: Called Strike
2-2: Strikes out swinging
Batting: RHB Elliot Manfredini 0-0: Ball
1-0: Ball
2-0: Called Strike
2-1: Ball
3-1: Swinging Strike
3-2: SOLO HOME RUN (Line Drive, 9D, EV 103.8 MPH), Distance : 384 ft
Batting: RHB Bryan Westray 0-0: Swinging Strike
0-1: Foul Ball, location: 2F
0-2: Ball
1-2: Ball
2-2: SINGLE (Flyball, 3D, EV 95.0 MPH)
Batting: LHB David Ramirez 0-0: Called Strike
0-1: Ball
1-1: Fly out, F3 (Line Drive, 3, EV 61.2 MPH)
Top of the 5th over - 2 runs, 3 hits, 0 errors, 1 left on base; Lansing 8 - Delmarva 0
BOTTOM OF THE 5TH
Delmarva Shorebirds batting - Pitching for Lansing Lugnuts : LHP Katsumi Takaki
Batting: SHB Ryan Palermo 0-0: Ball
1-0: Called Strike
1-1: Ball
2-1: Swinging Strike
2-2: Ball
3-2: Base on Balls
Batting: LHB Momoru Yasui 0-0: Called Strike
0-1: Ball
1-1: Fielders Choice at 2nd, 5-6 (Groundball, 6, EV 106.2 MPH)
Batting: RHB Adam Swimmer 0-0: Foul Ball, location: 2F
0-1: SINGLE (Line Drive, 34D, EV 95.0 MPH)
Momoru Yasui to second
Batting: LHB Andrew Erens 0-0: Ball
1-0: Ball
2-0: SINGLE (Line Drive, 7LS, EV 104.4 MPH)
Momoru Yasui to third
Adam Swimmer to second
Batting: RHB Michel Kamphuis 0-0: Ball
1-0: Ball
2-0: Ball
3-0: Base on Balls
Momoru Yasui scores
Adam Swimmer to third
Andrew Erens to second
Batting: RHB Jordan Wallace 0-0: Called Strike
0-1: Ball
1-1: Fielders Choice at 2nd, 4-6 (Groundball, 4, EV 110.6 MPH)
Adam Swimmer scores
Andrew Erens to third
Batting: RHB Francisco Viera 0-0: Swinging Strike
0-1: Ball
1-1: Ball
2-1: Ball
3-1: SINGLE (Line Drive, 78S, EV 101.2 MPH)
Andrew Erens scores
Jordan Wallace to second
Batting: RHB Dan Staggs 0-0: Called Strike
0-1: Fielders Choice at 2nd, 6-4 (Groundball, 6, EV 94.4 MPH)
Bottom of the 5th over - 3 runs, 3 hits, 0 errors, 2 left on base; Lansing 8 - Delmarva 3
TOP OF THE 6TH
Lansing Lugnuts batting - Pitching for Delmarva Shorebirds : RHP Wayne Lammers
Batting: SHB Jose Garcia 0-0: Foul Ball, location: 2F
0-1: SOLO HOME RUN (Flyball, 89XD, EV 102.5 MPH), Distance : 416 ft
Batting: RHB Takanibu Kaneshiro 0-0: Called Strike
0-1: Called Strike
0-2: Ball
1-2: Strikes out swinging, 2-3 out at first.
Pitching: LHP John Dyer
Batting: RHB Finn Ross 0-0: Ball
1-0: Ball
2-0: Ground out U3 (Groundball, 34S, EV 88.8 MPH)
Batting: RHB B.J. Worthy 0-0: Ball
1-0: Ball
2-0: Foul Ball, location: 2F
2-1: Swinging Strike
2-2: Strikes out swinging
Top of the 6th over - 1 run, 1 hit, 0 errors, 0 left on base; Lansing 9 - Delmarva 3
BOTTOM OF THE 6TH
Delmarva Shorebirds batting - Pitching for Lansing Lugnuts : LHP Katsumi Takaki
Batting: LHB Raul Rojas 0-0: Ball
1-0: Foul Ball, location: 2F
1-1: Foul Ball, location: 2F
1-2: Ball
2-2: Ground out U3 (Groundball, 34S, EV 87.5 MPH)
Batting: SHB Ryan Palermo 0-0: Ball
1-0: Ball
2-0: Foul Ball, location: 2F
2-1: DOUBLE (Flyball, 89D, EV 90.0 MPH)
Batting: LHB Momoru Yasui 0-0: Called Strike
0-1: Called Strike
0-2: Ground out U3 (Groundball, 23, EV 91.9 MPH)
Ryan Palermo to third
Batting: RHB Adam Swimmer 0-0: Ball
1-0: Ball
2-0: Foul Ball, location: 2F
2-1: Called Strike
2-2: Strikes out looking
Bottom of the 6th over - 0 runs, 1 hit, 0 errors, 1 left on base; Lansing 9 - Delmarva 3
TOP OF THE 7TH
Lansing Lugnuts batting - Pitching for Delmarva Shorebirds : LHP John Dyer
Batting: RHB Luis Reyes 0-0: Ball
1-0: Fly out, F9 (Flyball, 9S, EV 76.2 MPH)
Batting: RHB Darren McCarty Jr. 0-0: Called Strike
0-1: DOUBLE (Flyball, 8LXD, EV 98.8 MPH)
Batting: RHB Elliot Manfredini 0-0: Fly out, F4 (Flyball, 4D, EV 77.5 MPH)
Batting: RHB Bryan Westray 0-0: Ball
1-0: Ball
2-0: Called Strike
2-1: Foul Ball, location: 2F
2-2: DOUBLE (Line Drive, 9LD, EV 100.0 MPH)
Darren McCarty Jr. scores
Batting: LHB David Ramirez 0-0: Called Strike
0-1: Ground out 5-3 (Groundball, 56S, EV 70.6 MPH)
Top of the 7th over - 1 run, 2 hits, 0 errors, 1 left on base; Lansing 10 - Delmarva 3
BOTTOM OF THE 7TH
Delmarva Shorebirds batting - Pitching for Lansing Lugnuts : LHP Katsumi Takaki
Batting: LHB Andrew Erens 0-0: Ball
1-0: Ball
2-0: Swinging Strike
2-1: Called Strike
2-2: Strikes out swinging
Pitching: RHP Tony Riesco
Batting: RHB Michel Kamphuis 0-0: Foul Ball, location: 2F
0-1: Foul Ball, location: 2F
0-2: Strikes out looking
Batting: RHB Jordan Wallace 0-0: Ball
1-0: Ball
2-0: Called Strike
2-1: Fly out, F8 (Line Drive, 8LS, EV 103.1 MPH)
Bottom of the 7th over - 0 runs, 0 hits, 0 errors, 0 left on base; Lansing 10 - Delmarva 3
TOP OF THE 8TH
Lansing Lugnuts batting - Pitching for Delmarva Shorebirds : LHP John Dyer
Batting: SHB Jose Garcia 0-0: Fly out, F3 (Popup, 3F, EV 71.9 MPH)
Batting: RHB Takanibu Kaneshiro 0-0: SINGLE (Line Drive, 56, EV 96.2 MPH)
Batting: RHB Finn Ross 0-0: Ball
1-0: Called Strike
1-1: Foul Ball, location: 2F
1-2: Foul Ball, location: 2F
1-2: 2-RUN HOME RUN (Flyball, 78XD, EV 98.1 MPH), Distance : 400 ft
Pinch Hitting: LHB Roger Escareno 0-0: Called Strike
0-1: Foul Ball, location: 2F
0-2: Strikes out swinging
Batting: RHB Luis Reyes 0-0: Ball
1-0: Called Strike
1-1: Called Strike
1-2: Ball
2-2: SINGLE (Groundball, 4D, EV 102.5 MPH)
Batting: RHB Darren McCarty Jr. 0-0: Foul Ball, location: 2F
0-1: Ground out 5-3 (Groundball, 56S, EV 85.6 MPH)
Top of the 8th over - 2 runs, 3 hits, 0 errors, 1 left on base; Lansing 12 - Delmarva 3
BOTTOM OF THE 8TH
Delmarva Shorebirds batting - Pitching for Lansing Lugnuts : RHP Tony Riesco
Now at 3B: Roger Escareno
Batting: RHB Francisco Viera 0-0: Swinging Strike
0-1: Foul Ball, location: 2F
0-2: Foul Ball, location: 2F
0-2: Ball
1-2: Ground out U3 (Groundball, 34, EV 105.6 MPH)
Batting: RHB Dan Staggs 0-0: Called Strike
0-1: Fly out, F8 (Flyball, 89D, EV 92.5 MPH)
Batting: LHB Raul Rojas 0-0: Called Strike
0-1: Called Strike
0-2: Ball
1-2: Foul Ball, location: 2F
1-2: Ball
2-2: Foul Ball, location: 2F
2-2: Ball
3-2: Foul Ball, location: 2F
3-2: Strikes out looking
Bottom of the 8th over - 0 runs, 0 hits, 0 errors, 0 left on base; Lansing 12 - Delmarva 3
TOP OF THE 9TH
Lansing Lugnuts batting - Pitching for Delmarva Shorebirds : LHP John Dyer
Batting: RHB Elliot Manfredini 0-0: Ball
1-0: Called Strike
1-1: SINGLE (Groundball, 6MD, EV 106.2 MPH)
Pitching: LHP Eric Bice
Batting: RHB Bryan Westray 0-0: Ball
1-0: Ball
2-0: Swinging Strike
2-1: Grounds into double play, 4-6-3 (Groundball, 4, EV 84.4 MPH)
Batting: LHB David Ramirez 0-0: Called Strike
0-1: Swinging Strike
0-2: Strikes out swinging
Top of the 9th over - 0 runs, 1 hit, 0 errors, 0 left on base; Lansing 12 - Delmarva 3
BOTTOM OF THE 9TH
Delmarva Shorebirds batting - Pitching for Lansing Lugnuts : RHP Tony Riesco
Batting: SHB Ryan Palermo 0-0: Called Strike
0-1: Swinging Strike
0-2: Ground out U3 (Groundball, 34, EV 90.6 MPH)
Batting: LHB Momoru Yasui 0-0: Ball
1-0: Foul Ball, location: 2F
1-1: Foul Ball, location: 2F
1-2: Foul Ball, location: 2F
1-2: Ball
2-2: Ground out 5-3 (Groundball, 5S, EV 74.4 MPH)
Batting: RHB Adam Swimmer 0-0: Ground out 6-3 (Groundball, 6, EV 98.1 MPH)
Bottom of the 9th over - 0 runs, 0 hits, 0 errors, 0 left on base; Lansing 12 - Delmarva 3
Thursday, March 31st , 2022 - OOTP Baseball 22.12 Build 89